 Dungeon Crawl Stone Soup version 0.26-a0-858-gbf766624f9 (webtiles) character file.

Game seed: 7087428075301034056

18 dickylongcocking the Conjurer (level 2, 0/15 HPs)
             Began as a Deep Elf Conjurer on Nov 25, 2020.
             Slain by a bat (1 damage)
             ... on level 1 of the Dungeon.
             The game lasted 00:00:27 (418 turns).

dickylongcocking the Conjurer (Deep Elf Conjurer)    Turns: 418, Time: 00:00:28

Health: 0/15       AC:  2    Str:  4    XL:     2   Next: 51%
Magic:  1/8        EV: 13    Int: 22    God:
Gold:   20         SH:  0    Dex: 13    Spells: 7/8 levels left

rFire    . . .     SeeInvis .   d - +0 dagger
rCold    . . .     Faith    .   (no shield)
rNeg     . . .     Spirit   .   a - +0 robe
rPois    .         Reflect  .   (no helmet)
rElec    .         Harm     .   (no cloak)
rCorr    .         Rampage  .   (no gloves)
MR       .....                  (no boots)
Stlth    ++........             (no amulet)
HPRegen  0.05/turn              (no ring)
MPRegen  0.11/turn              (no ring)

@: no status effects
A: no striking features
a: no special abilities


You were on level 1 of the Dungeon.
You visited 1 branch of the dungeon, and saw 1 of its levels.

You collected 20 gold pieces.

Inventory:

Hand Weapons
 d - a +0 dagger (weapon)
Armour
 a - a +0 robe (worn)
Jewellery
 b - an uncursed amulet of the acrobat {unknown}
Scrolls
 c - a scroll of identify {unknown}
Potions
 e - 2 potions of might {unknown}


   Skills:
 - Level 2.4 Dodging
 - Level 2.4 Stealth
 * Level 3.6 Spellcasting
 * Level 4.9 Conjurations


You had 7 spell levels left.
You knew the following spells:

 Your Spells              Type           Power        Failure   Level
a - Magic Dart            Conj           ####         1%          1

Your spell library contained the following spells:

 Spells                   Type           Power        Failure   Level
 Searing Ray              Conj           ####..       2%          2
 Dazzling Flash           Conj/Hex       ##....       13%         3
 Fulminant Prism          Conj/Hex       ##........   38%         4
 Iskenderun's Mystic Bla  Conj/Tloc      ##......     38%         4


Dungeon Overview and Level Annotations

Branches:
Dungeon (1/15)

Altars:


Message History

The dart slug is almost dead.
A bat comes into view.
The dart slug closely misses you.
Unknown command.
You hit the dart slug but do no damage.
The dart slug is almost dead.
The dart slug bites you but does no damage.
Unknown command.
You hit the dart slug but do no damage.
The dart slug is almost dead.
The bat barely misses you. The dart slug misses you.
Unknown command.
You hit the dart slug but do no damage.
The dart slug is almost dead.
The bat closely misses you.
Unknown command.
You hit the dart slug but do no damage.
The dart slug is almost dead.
The bat barely misses you. The bat hits you.
You die...

#...#
#..................#
#...#
#....##)...........##
#...#
#.!..##..............
#...# #........#
####...... #...
####........#
###......
.......†....#
#.........
.............#
#....####.
........b....# #....
#. ......#.@....#
#.... #.
......#..w...# #...
## .#...........# #..
#...........#
#####.........
...........
............
.............


You could see a dart slug and a bat.

Vanquished Creatures
  2 oozes (D:1)
  2 hobgoblins (D:1)
  A kobold (D:1)
  3 bats (D:1)
  2 frilled lizards (D:1)
  A rat (D:1)
11 creatures vanquished.

Notes
Turn   | Place    | Note
-------+----------+-------------------------------------------
     0 | D:1      | dickylongcocking the Deep Elf Conjurer began the quest for
                  | the Orb.
     0 | D:1      | Reached XP level 1. HP: 10/10 MP: 6/6
   179 | D:1      | Reached XP level 2. HP: 15/15 MP: 2/8
   418 | D:1      | Slain by a bat

Illustrated notes

Levels and vault maps discovered:
D:1:      minmay_arrival_nine_rooms, layout_basic, minmay_cut_off

Action                   || total
-------------------------++-------
Melee: Dagger            ||     7
 Cast: Magic Dart        ||    24
Armor: Robe              ||     2
Dodge: Dodged            ||     9

Table legend: (Time is in decaauts)
 A = Elapsed time spent in this place.
 B = Non-inter-level travel time spent in this place.
 C = Inter-level travel time spent in this place.
 D = Time resting spent in this place.
 E = Time spent auto-exploring this place.
 F = Levels seen in this place.
 G = Mean time per level.
                   A        B        C        D        E       F      G
               +--------+--------+--------+--------+--------+-----+--------+
         Total |    417 |    417 |      0 |      0 |    355 |   1 |  417.0 |
       Dungeon |    417 |    417 |      0 |      0 |    355 |   1 |  417.0 |
               +--------+--------+--------+--------+--------+-----+--------+

Top non-repeatable levels by time:
     D:1: 417 daAuts
